 Dungeon Crawl Stone Soup version 0.21.1-1-g345015f (webtiles) character file.

136 Fang the Skirmisher (level 5, -4/33 HPs)
             Began as a Gargoyle Berserker on June 6, 2018.
             Was a Believer of Trog.
             Slain by dedward's ghost (7 damage)
             ... on level 3 of the Dungeon.
             The game lasted 00:01:56 (2185 turns).

Fang the Skirmisher (Gargoyle Berserker)            Turns: 2185, Time: 00:01:57

Health: -4/33      AC:  6    Str: 21    XL:     5   Next: 19%
Magic:  5/5        EV: 12    Int:  8    God:    Trog [**....]
Gold:   93         SH:  0    Dex:  9    Spells: 4/4 levels left

rFire    . . .     SeeInvis .   a - +0 hand axe
rCold    . . .     Gourm    .   (no shield)
rNeg     + . .     Faith    .   b - +0 animal skin
rPois    ∞         Spirit   .   (no helmet)
rElec    +         Reflect  .   (no cloak)
rCorr    .         Harm     .   (no gloves)
MR       .....                  (no boots)
Stlth    +.........             (no amulet)
HPRegen  0.11/turn              (no ring)
MPRegen  0.09/turn              (no ring)

@: berserk cooldown, slowed, very slow
A: negative energy resistance 1, electricity resistance, unbreathing,
petrification resistance, rot immunity, AC +4
a: Berserk, Trog's Hand, Burn Spellbooks, Renounce Religion


You were on level 3 of the Dungeon.
You worshipped Trog.
Trog was pleased with you.
You were hungry.

You visited 1 branch of the dungeon, and saw 3 of its levels.

You collected 93 gold pieces.

Inventory:

Hand Weapons
 a - a +0 hand axe (weapon)
Armour
 b - a +0 animal skin (worn)
Wands
 n - a wand of iceblast (6)
Scrolls
 e - 5 scrolls of teleportation {unknown}
 h - 3 scrolls of remove curse {unknown}
 k - 4 scrolls of identify {unknown}
Potions
 d - 3 potions of curing {unknown}
 f - 2 potions of degeneration {unknown}
 i - 2 potions of haste {unknown}
 j - a potion of ambrosia {unknown}
 m - a potion of magic {unknown}
Comestibles
 c - 3 rations
 l - a chunk of flesh


   Skills:
 + Level 4.2 Fighting
 + Level 3.9 Axes
 + Level 2.7 Armour
 + Level 2.4 Dodging
 + Level 0.2 Stealth


You had 4 spell levels left.
You didn't know any spells.

Dungeon Overview and Level Annotations

Branches:
Dungeon (3/15)

Altars:
Fedhas
Ru
Uskayaw

Annotations:
D:3 dedward's ghost, amateur MiMo


Innate Abilities, Weirdness & Mutations

You are resistant to torment.
Your stone body is resilient. (AC +4)
You are immune to poison.
You resist negative energy. (rN+)
You are resistant to electric shocks. (rElec)
You can survive without breathing.
You are immune to petrification.
You are immune to rotting.


Message History

Unknown command.
You hit dedward's ghost.
Dedward's ghost is severely damaged.
You hit the orc.
You kill the orc!
Trog accepts your kill. Dedward's ghost misses you.
The orc wizard hits you with a dagger of speed.
* * * LOW HITPOINT WARNING * * *
A bat comes into view.
As you read the scroll labeled XYICUY JEMILA, it crumbles to dust.
Your +0 hand axe glows shimmering umber for a moment.
It was a scroll of random uselessness.
The orc wizard points at you and mumbles some strange words.
You resist with some effort.
Dedward's ghost hits you but does no damage.
The orc wizard hits you with a dagger of speed.
* * * LOW HITPOINT WARNING * * *
The rat bites you but does no damage. Dedward's ghost hits you!
You die...

#.......## #.. #.........
#.. #........# ##...
#........# .....
#........# ......
######........#
......######......####+#.#
......b.r................
........W@o............#<
......####################
..<................#......
......#####...####.#.#####
..............####.#.#....
.. .......<...'.)..#....##
# ######.....#...#######
........+......#####
####.....#...##...[..


You could see an orc wizard, dedward's ghost, a bat and a rat.

Vanquished Creatures
  An orc priest (D:3)
  7 adders
  An ooze (D:2)
  A dart slug (D:2)
  2 leopard geckos
  4 orcs (D:3)
  A ball python (D:1)
  A giant cockroach (D:1)
  3 hobgoblins
  2 bats
  3 frilled lizards
  3 goblins
  3 kobolds
  6 rats
38 creatures vanquished.

Notes
Turn   | Place    | Note
-------+----------+-------------------------------------------
     0 | D:1      | Fang the Gargoyle Berserker began the quest for the Orb.
     0 | D:1      | Reached XP level 1. HP: 14/14 MP: 1/1
   431 | D:1      | Reached XP level 2. HP: 19/19 MP: 2/2
  1116 | D:2      | Found a blossoming altar of Fedhas.
  1405 | D:2      | Reached XP level 3. HP: 18/24 MP: 3/3
  1494 | D:2      | Found a sacrificial altar of Ru.
  1602 | D:2      | Found a hide-covered altar of Uskayaw.
  1955 | D:3      | Reached XP level 4. HP: 28/29 MP: 4/4
  2051 | D:3      | Reached skill level 4 in Fighting
  2163 | D:3      | Noticed dedward's ghost (amateur MiMo)
  2170 | D:3      | Reached ** piety under Trog
  2179 | D:3      | Reached XP level 5. HP: 13/33 MP: 5/5
  2185 | D:3      | Slain by dedward's ghost

Skill      XL: |  1  2  3  4 |
---------------+-------------+-----
Axes           | 3 |  3.9
Dodging        | 2 |  2.4
Fighting       | 4 |  4.2
Armour         | |  2.7
Stealth        | |  0.2

Action                   |  1- 3 |  4- 6 || total
-------------------------+-------+-------++-------
Melee: Hand axe          |   103 |    38 ||   141
Invok: Berserk           |     1 |     1 ||     2
  Use: Scroll            |       |     1 ||     1
  Eat: Chunk             |     4 |     1 ||     5
Armor: Animal skin       |    38 |    11 ||    49
Dodge: Dodged            |    75 |    33 ||   108
